 Dungeon Crawl Stone Soup version 0.31-a0-981-geadf994542 (webtiles) character file.

Game seed: 12364503002758040294

2077 Dirtsage the Martial Artist (level 9, -4/61 HPs)
             Began as an Octopode Shapeshifter on Nov 1, 2023.
             Was an Initiate of Wu Jian.
             Slain by a +6 spectral quarterstaff (7 damage)
             ... created by Joseph
             ... on level 7 of the Dungeon.
             The game lasted 00:10:09 (5570 turns).

Dirtsage the Martial Artist (Octopode Shapeshifter) Turns: 5570, Time: 00:10:10

Health: -4/61      AC:  1    Str: 13    XL:     9   Next: 26%
Magic:  9/9        EV: 14    Int: 12    God:    Wu Jian [......]
Gold:   321        SH:  0    Dex: 22    Spells: 6/8 levels left

rFire   . .          .
                       - Unarmed
rCold   + . .        (no shield)
rNeg    . . .        (helmet currently unavailable)
rPois   .            e - amulet of the acrobat
rElec   .            I - ring of protection from cold
rCorr   .            f - +4 ring of slaying
SInv    .            w - +6 ring of dexterity
Will    .....        (no ring)
Stlth   +++          (no ring)
HPRegen 0.30/turn    (no ring)
MPRegen 0.11/turn    (no ring)
                     (no ring)

%: acrobat
@: beast-form
A: beast (slay +4), almost no armour, amphibious, 8 rings, camouflage 1,
gelatinous body 1, (nimble swimmer 1), tentacles
a: Begin Untransformation, Renounce Religion


You were on level 7 of the Dungeon.
You worshipped Wu Jian.
Wu Jian was noncommittal.
You were a hulking beast.
You visited 2 branches of the dungeon, and saw 8 of its levels.

You collected 321 gold pieces.

Inventory:

Magical Staves
 a - a staff of death
 n - a staff of cold
Jewellery
 e - an amulet of the acrobat (around mantle)
 f - a +4 ring of slaying (right tentacle)
 v - a ring of ice
 w - a +6 ring of dexterity (on tentacle)
 I - a ring of protection from cold (left tentacle)
Talismans
 b - a beast talisman
 c - a flux talisman
 x - a talisman of death
Wands
 i - a wand of polymorph (10)
 E - a wand of iceblast (3)
Scrolls
 d - a scroll of revelation {unknown}
 g - a scroll of acquirement {unknown}
 h - 2 scrolls of fog
 j - a scroll of poison
 k - a scroll of enchant weapon {unknown}
 r - a scroll of noise {unknown}
 s - a scroll of amnesia
 t - 5 scrolls of teleportation
 u - a scroll of vulnerability {unknown}
 y - a scroll of enchant armour {unknown}
 A - a scroll of torment {unknown}
 D - a scroll of butterflies {unknown}
 G - a scroll of blinking {unknown}
Potions
 l - 2 potions of heal wounds
 m - a potion of ambrosia
 o - a potion of brilliance {unknown}
 p - a potion of attraction {unknown}
 q - a potion of curing
 z - a potion of resistance {unknown}
 B - a potion of mutation {unknown}
 C - 2 potions of haste {unknown}
 F - 2 potions of degeneration {unknown}


   Skills:
 + Level 5.3 Fighting
 - Level 2.0 Dodging
 * Level 8.1 Unarmed Combat
 * Level 7.5 Shapeshifting


You had 6 spell levels left.
You knew the following spells:

 Your Spells              Type           Power      Damage    Failure   Level
a - Wereblood             Tmut           0%         N/A       45%         2

Your spell library contained the following spells:

 Spells                   Type           Power      Damage    Failure   Level
 Kiss of Death            Conj/Necr      0%         2d5       32%         1
 Confusing Touch          Hex            0%         N/A       69%         3
 Dispel Undead            Necr           0%         3d6       97%         4
 Irradiate                Conj/Tmut      0%         3d11      100%        5


Dungeon Overview and Level Annotations

Branches:
Dungeon (7/15)             Temple (1/1) D:5

Altars:
Ashenzari
Cheibriados
Dithmenos
Elyvilon
Fedhas
Gozag
Kikubaaqudgha
Makhleb
Okawaru
Qazlal
Ru
Sif Muna
Trog
Uskayaw
Vehumet
Wu Jian
Xom
Yredelemnul
The Shining One

Annotations:
D:6 2 transporters, Chipwarrior's ghost, novice DrCj
D:7 Joseph


Innate Abilities, Weirdness & Mutations

You are a hulking beast.
Your limbs bulge with bestial killing power. (Slay +4)
You cannot wear most types of armour.
You are amphibious.
You can wear up to eight rings at the same time.
Your skin changes colour to match your surroundings (Stealth+).
Your rubbery body absorbs attacks. (AC +1, EV +1)
((You are camouflaged when in or above water. (Stealth+)))
You have tentacles for arms and can constrict up to eight enemies at once.


Message History

You kill the adder!
The Council accepts your kill.
You see here an adder corpse.
Found an escape hatch in the floor.
Health restored: 61
Found a stone staircase leading up.
You open the door.
There is an open door here.
G - a scroll labelled QIEPOZ CIET
Found a stone staircase leading down.
The killer bee buzzes angrily.
You hear an angry buzzing noise. x2
The killer bee buzzes angrily.
Partly explored, unvisited transporter.
Okay, then.
Okay, then.
There is a stone staircase leading down here.
You climb downwards.
There is a stone staircase leading up here.
You tentacle-slap the orc. You grab the orc.
The orc is severely wounded.
You constrict the orc. You bludgeon the orc!
You kill the orc!
The Council accepts your kill.
You see here a +3 mace of holy wrath.
The helpless Joseph fails to defend himself.
You batter Joseph!! You grab Joseph. You squeeze Joseph!
Joseph is heavily wounded.
You constrict Joseph.
Joseph hits you with a +6 spectral quarterstaff!
The +6 spectral quarterstaff hits you!
A +6 spectral quarterstaff comes into view.
You take 29 damage, and have 32/61 hp.
MASSIVE DAMAGE!!
You bludgeon Joseph!
Joseph is severely wounded.
You constrict Joseph, but do no damage.
Joseph hits you with a +6 spectral quarterstaff!!
* * * LOW HITPOINT WARNING * * *
The +6 spectral quarterstaff hits you!
You die...

# #.##
#.#.##
#....####
#...(...+
###..@h###
#.......)<#
#.......#.#
#..#.##.#.#
#. #. #.#.#
# # #.#.#
#.#.# ..#.#
#.#.#


You could see Joseph and a +6 spectral quarterstaff (wandering).

Vanquished Creatures
  6 yaks (D:6)
  A steam dragon (D:6)
  An ice beast (D:6)
  An ogre (D:6)
  A centaur (D:5)
  3 phantoms
  A scorpion (D:6)
  3 hounds (D:5)
  An orc priest (D:6)
  An iron imp (D:5)
  A sleepcap (D:5)
  Ijyb (D:5)
  3 iguanas
  2 orc wizards (D:5)
  Robin (D:3)
  10 adders
  A white imp (D:6)
  2 ufetubi (D:6)
  2 worms
  3 dart slugs
  18 orcs
  4 endoplasms
  3 giant cockroaches
  15 goblins
  3 hobgoblins (D:4)
  6 jackals
  3 quokkas
  8 ball pythons
  2 bats
  A frilled lizard (D:2)
  9 kobolds
  3 rats
120 creatures vanquished.

Notes
Turn   | Place    | Note
-------+----------+-------------------------------------------
     0 | D:1      | Dirtsage the Octopode Shapeshifter began the quest for the
                  | Orb.
     0 | D:1      | Reached XP level 1. HP: 13/13 MP: 1/1
   345 | D:1      | Reached XP level 2. HP: 13/18 MP: 2/2
  1025 | D:2      | Reached XP level 3. HP: 23/23 MP: 3/3
  1196 | D:2      | Reached XP level 4. HP: 29/29 MP: 4/4
  1729 | D:3      | Found a white marble altar of Elyvilon.
  1730 | D:3      | Noticed Robin
  1807 | D:2      | Reached skill level 4 in Unarmed Combat
  2029 | D:3      | Killed Robin
  2182 | D:3      | Reached XP level 5. HP: 28/34 MP: 5/5
  3096 | D:4      | Noticed a phantom
  3102 | D:4      | Killed a phantom
  3103 | D:4      | Reached XP level 6. HP: 29/41 MP: 6/6
  3304 | D:5      | Entered Level 5 of the Dungeon
  3308 | D:5      | Noticed Ijyb
  3316 | D:5      | Killed Ijyb
  3354 | D:5      | Reached skill level 5 in Unarmed Combat
  3556 | D:5      | Reached skill level 5 in Shapeshifting
  3556 | D:5      | Reached XP level 7. HP: 14/46 MP: 7/7
  4088 | D:5      | Learned a level 2 spell: Wereblood
  4187 | D:5      | Found a snail-covered altar of Cheibriados.
  4232 | D:5      | Found a staircase to the Ecumenical Temple.
  4241 | Temple   | Entered the Ecumenical Temple
  4264 | Temple   | Became a worshipper of the Wu Jian Council
  4372 | D:6      | Noticed a steam dragon
  4534 | D:6      | Found a transporter.
  4538 | D:6      | Found a transporter.
  4539 | D:6      | Noticed Chipwarrior's ghost (novice DrCj)
  4539 | D:6      | Noticed a hornet
  4555 | D:6      | Reached skill level 6 in Unarmed Combat
  4703 | D:6      | Killed a steam dragon
  4704 | D:6      | Reached XP level 8. HP: 5/54 MP: 8/8
  4875 | D:6      | Identified the +6 chain mail of Duck's Teeth {Str+2}
  4876 | D:6      | Noticed a yak
  4876 | D:6      | Noticed a yak
  4876 | D:6      | Noticed a yak
  4876 | D:6      | Noticed a yak
  4894 | D:6      | Killed a yak
  4895 | D:6      | Noticed a yak
  4898 | D:6      | Noticed a yak
  4899 | D:6      | Killed a yak
  4900 | D:6      | Reached skill level 7 in Unarmed Combat
  4903 | D:6      | Killed a yak
  4904 | D:6      | Killed a yak
  4905 | D:6      | Reached skill level 5 in Fighting
  4905 | D:6      | Reached XP level 9. HP: 61/61 MP: 9/9
  4918 | D:6      | Reached skill level 8 in Unarmed Combat
  5510 | D:6      | Noticed a queen bee
  5563 | D:7      | Noticed Joseph
  5570 | D:7      | HP: 3/61 [Joseph/+6 spectral quarterstaff (29)]
  5570 | D:7      | Slain by a +6 spectral quarterstaff

Illustrated notes

Levels and vault maps discovered:
D:1:      lightli_iron_boxes, layout_loops_corners
D:2:      layout_loops_cross
D:3:      layout_loops_ring, mainiacjoe_overflow_concentric_impassable,
          uniq_robin
D:4:      layout_basic
D:5:      layout_cave_pools, slow_altar_2, minmay_temple_entry_glassed_door,
          uniq_ijyb
D:6:      layout_basic, gammafunk_ghost_hive
D:7:      layout_loops_corners, lemuel_tele_altar,
          gammafunk_ghost_nasty_kobolds, serial_shops,
          nicolae_shop_behind_doors, uniq_joseph
Temple:   bh_familiar_temple

Skill      XL: |  1  2  3  4  5  6  7  8  9 |
---------------+----------------------------+-----
Fighting       | 2 3 4 5 |  5.3
Unarmed Combat | 4 5 6 7 8 |  8.1
Shapeshifting  | 4 5 6 7 |  7.5
Dodging        | |  2.0

Action                     |  1- 3 |  4- 6 |  7- 9 || total
---------------------------+-------+-------+-------++-------
  Melee: Unarmed           |    41 |   100 |    87 ||   228
         Constrict         |     9 |    25 |    20 ||    54
         Tentacles         |     7 |    14 |    21 ||    42
         Punch             |       |     2 |     7 ||     9
Ability: Lunge             |       |       |     5 ||     5
  Evoke: Wand              |       |       |     2 ||     2
    Use: Scroll            |       |     7 |     1 ||     8
         Potion            |       |       |     2 ||     2
   Stab: Sleeping          |    11 |    13 |     4 ||    28
 Armour: Skin              |    11 |    44 |    44 ||    99
  Dodge: Dodged            |    22 |    50 |    42 ||   114

Table legend: (Time is in decaauts)
 A = Elapsed time spent in this place.
 B = Non-inter-level travel time spent in this place.
 C = Inter-level travel time spent in this place.
 D = Time resting spent in this place.
 E = Time spent auto-exploring this place.
 F = Levels seen in this place.
 G = Mean time per level.
                   A        B        C        D        E       F      G
               +--------+--------+--------+--------+--------+-----+--------+
         Total |   5548 |   5262 |    286 |    220 |   4278 |   8 |  693.5 |
       Dungeon |   5502 |   5257 |    245 |    220 |   4278 |   7 |  786.0 |
        Temple |     45 |      4 |     41 |      0 |      0 |   1 |   45.0 |
               +--------+--------+--------+--------+--------+-----+--------+

Top non-repeatable levels by time:
     D:5: 1119 daAuts
     D:6: 1081 daAuts
     D:4: 1001 daAuts
     D:1: 995 daAuts
     D:2: 709 daAuts
     D:3: 588 daAuts
  Temple: 45 daAuts
     D:7: 6 daAuts
